APP
MIAMI (APP) MARLINS @ KINGSPORT METS
10/22/2046
 
TOP OF THE 1ST
Philadelphia (APP) Phillies batting - Pitching for Miami (APP) Marlins : RHP Yoshiro Tagawa
Pitching: RHP Yoshiro Tagawa
Batting: RHB Harvey Harvey 0-0: Swinging Strike
0-1: Ball
1-1: Foul Ball, location: 2F
1-2: Ball
2-2: Ball
3-2: Base on Balls
Batting: LHB Charlie Cook 0-0: Called Strike
0-1: Ball
Harvey Harvey steals 2nd base
1-1: Foul Ball, location: 2F
1-2: Ground out 6-3 (Groundball, 6, EV 86.9 MPH)
Harvey Harvey to third
Batting: LHB Joel Urquiza 0-0: Called Strike
0-1: Ball
1-1: Ball
2-1: Foul Ball, location: 2F
2-2: Ball
3-2: Strikes out swinging
Batting: RHB John Gray 0-0: Swinging Strike
0-1: Foul Ball, location: 2F
0-2: Foul Ball, location: 2F
0-2: Ball
1-2: Foul Ball, location: 2F
1-2: Strikes out swinging
Top of the 1st over - 0 runs, 0 hits, 0 errors, 1 left on base; Philadelphia (APP) 0 - Miami (APP) 0
BOTTOM OF THE 1ST
Miami (APP) Marlins batting - Pitching for Philadelphia (APP) Phillies : RHP Tony Botello
Pitching: RHP Tony Botello
Batting: RHB Lu Tieh 0-0: Ball
1-0: Ball
2-0: Ball
3-0: Called Strike
3-1: Swinging Strike
3-2: Foul Ball, location: 2F
3-2: Ground out 5-3 (Groundball, 56, EV 100.6 MPH)
Batting: RHB Ben Jezak 0-0: Foul Ball, location: 2F
0-1: Ground out 4-3 (Groundball, 4, EV 80.6 MPH)
Batting: SHB Matt Altieri 0-0: Ball
1-0: Hit by Pitch
Batting: RHB Kurt Wagner 0-0: Ball
1-0: Foul Ball, location: 2F
1-1: Called Strike
1-2: Ball
2-2: Fielders Choice at 2nd, 6-4 (Groundball, 6, EV 96.9 MPH)
Bottom of the 1st over - 0 runs, 0 hits, 0 errors, 1 left on base; Philadelphia (APP) 0 - Miami (APP) 0
TOP OF THE 2ND
Philadelphia (APP) Phillies batting - Pitching for Miami (APP) Marlins : RHP Yoshiro Tagawa
Batting: RHB David Rivera 0-0: Ground out 6-3 (Groundball, 6, EV 100.0 MPH)
Batting: RHB Kiyoshi Okazaki 0-0: Called Strike
0-1: Ball
1-1: Ball
2-1: Called Strike
2-2: Foul Ball, location: 2F
2-2: Ground out 4-3 (Groundball, 4, EV 101.3 MPH)
Batting: RHB Rafael Pena 0-0: Ball
1-0: Ball
2-0: Ball
3-0: Base on Balls
Batting: RHB Jose Andrade 0-0: Called Strike
0-1: Ball
1-1: Ball
2-1: Ball
3-1: Called Strike
3-2: Base on Balls
Rafael Pena to second
Batting: LHB Tony Botello 0-0: Foul Ball, location: 2F
0-1: Ball
1-1: Called Strike
1-2: Foul Ball, location: 2F
1-2: Ball
2-2: Strikes out swinging
Top of the 2nd over - 0 runs, 0 hits, 0 errors, 2 left on base; Philadelphia (APP) 0 - Miami (APP) 0
BOTTOM OF THE 2ND
Miami (APP) Marlins batting - Pitching for Philadelphia (APP) Phillies : RHP Tony Botello
Batting: LHB Tom Wleklinski 0-0: Ball
1-0: Swinging Strike
1-1: Fly out, F9 (Flyball, 89M, EV 95.6 MPH)
Batting: RHB Nate Stephenson 0-0: Called Strike
0-1: Ball
1-1: Ball
2-1: Foul Ball, location: 2F
2-2: Fly out, F4 (Line Drive, 4, EV 64.4 MPH)
Batting: RHB Mario Navarro 0-0: Ball
1-0: Swinging Strike
1-1: Ball
2-1: Swinging Strike
2-2: Strikes out swinging
Bottom of the 2nd over - 0 runs, 0 hits, 0 errors, 0 left on base; Philadelphia (APP) 0 - Miami (APP) 0
TOP OF THE 3RD
Philadelphia (APP) Phillies batting - Pitching for Miami (APP) Marlins : RHP Yoshiro Tagawa
Batting: RHB Harvey Harvey 0-0: Ball
1-0: Called Strike
1-1: Called Strike
1-2: Foul Ball, location: 2F
1-2: Ground out 5-3 (Groundball, 56S, EV 81.3 MPH)
Batting: LHB Charlie Cook 0-0: Called Strike
0-1: Ball
1-1: Fly out, F7 (Flyball, 7LS, EV 93.8 MPH)
Batting: LHB Joel Urquiza 0-0: Called Strike
0-1: Swinging Strike
0-2: Ball
1-2: Foul Ball, location: 2F
1-2: Strikes out looking
Top of the 3rd over - 0 runs, 0 hits, 0 errors, 0 left on base; Philadelphia (APP) 0 - Miami (APP) 0
BOTTOM OF THE 3RD
Miami (APP) Marlins batting - Pitching for Philadelphia (APP) Phillies : RHP Tony Botello
Batting: RHB Gene Bauer 0-0: Ball
1-0: Ball
2-0: Ball
3-0: Base on Balls
Batting: LHB Yoshiro Tagawa 0-0: Ball
1-0: Bunted foul
1-1: Called Strike
1-2: Sac Bunt to 13S - play at first, batter OUT! 1-4
Gene Bauer to second
Batting: RHB Lu Tieh 0-0: Called Strike
0-1: Ball
1-1: Foul Ball, location: 2F
1-2: Ground out 5-3 (Groundball, 56, EV 93.1 MPH)
Batting: RHB Ben Jezak 0-0: Ball
1-0: Swinging Strike
1-1: Ground out 6-3 (Groundball, 6, EV 86.9 MPH)
Bottom of the 3rd over - 0 runs, 0 hits, 0 errors, 1 left on base; Philadelphia (APP) 0 - Miami (APP) 0
TOP OF THE 4TH
Philadelphia (APP) Phillies batting - Pitching for Miami (APP) Marlins : RHP Yoshiro Tagawa
Batting: RHB John Gray 0-0: Ground out 4-3 (Groundball, 4S, EV 90.6 MPH)
Batting: RHB David Rivera 0-0: Foul Ball, location: 2F
0-1: Ball
1-1: Swinging Strike
1-2: Strikes out looking
Batting: RHB Kiyoshi Okazaki 0-0: Ball
1-0: Ground out 5-3 (Groundball, 56, EV 102.5 MPH)
Top of the 4th over - 0 runs, 0 hits, 0 errors, 0 left on base; Philadelphia (APP) 0 - Miami (APP) 0
BOTTOM OF THE 4TH
Miami (APP) Marlins batting - Pitching for Philadelphia (APP) Phillies : RHP Tony Botello
Batting: SHB Matt Altieri 0-0: Ball
1-0: Called Strike
1-1: Hit by Pitch
Batting: RHB Kurt Wagner 0-0: Ball
1-0: Foul Ball, location: 2F
1-1: Ball
Matt Altieri steals 2nd base
2-1: Foul Ball, location: 2F
2-2: Ground out 4-3 (Groundball, 4M, EV 90.6 MPH)
Matt Altieri to third
Batting: LHB Tom Wleklinski 0-0: Ball
1-0: Called Strike
1-1: Swinging Strike
1-2: Hit by Pitch
Batting: RHB Nate Stephenson 0-0: Ball
1-0: Foul Ball, location: 2F
1-1: SINGLE (Groundball, 6MD, EV 96.9 MPH)
Matt Altieri scores
Tom Wleklinski to second
Batting: RHB Mario Navarro 0-0: Ball
1-0: Ball
Passed Ball!
Tom Wleklinski to third
Nate Stephenson to second
2-0: Foul Ball, location: 2F
2-1: Swinging Strike
2-2: Foul Ball, location: 2F
2-2: Ball
3-2: SINGLE (Groundball, 6MD, EV 100.0 MPH)
Tom Wleklinski scores
Nate Stephenson to third
Runner from 3rd tries for Home, SAFE, throw by CF to home
Batting: RHB Gene Bauer 0-0: Swinging Strike
0-1: Ball
Mario Navarro steals 2nd base
1-1: Ball
2-1: Foul Ball, location: 2F
2-2: Foul Ball, location: 2F
2-2: TRIPLE (Line Drive, 78XD, EV 108.1 MPH)
Mario Navarro scores
Batting: LHB Yoshiro Tagawa 0-0: Ball
1-0: Ball
2-0: Ball
3-0: Base on Balls
Batting: RHB Lu Tieh 0-0: Called Strike
0-1: Swinging Strike
0-2: Ball
1-2: Strikes out swinging
Batting: RHB Ben Jezak 0-0: Called Strike
0-1: Called Strike
0-2: Foul Ball, location: 2F
0-2: Ball
1-2: Ball
2-2: Strikes out looking
Bottom of the 4th over - 4 runs, 3 hits, 0 errors, 2 left on base; Philadelphia (APP) 0 - Miami (APP) 4
TOP OF THE 5TH
Philadelphia (APP) Phillies batting - Pitching for Miami (APP) Marlins : RHP Yoshiro Tagawa
Batting: RHB Rafael Pena 0-0: Called Strike
0-1: Foul Ball, location: 2F
0-2: Foul Ball, location: 2F
0-2: Foul Ball, location: 2F
0-2: Ball
1-2: Ball
2-2: Ground out U3 (Groundball, 3, EV 86.3 MPH)
Batting: RHB Jose Andrade 0-0: Called Strike
0-1: Swinging Strike
0-2: Strikes out swinging
Pinch Hitting: RHB Robert Anderson 0-0: Called Strike
0-1: Ball
1-1: Ball
2-1: SINGLE (Groundball, 56S, EV 71.9 MPH) (infield hit)
Batting: RHB Harvey Harvey 0-0: SINGLE (Groundball, 34D, EV 101.9 MPH)
Robert Anderson to second
Runner from 2nd tries for 3rd, OUT! 9-5
Top of the 5th over - 0 runs, 2 hits, 0 errors, 1 left on base; Philadelphia (APP) 0 - Miami (APP) 4
BOTTOM OF THE 5TH
Miami (APP) Marlins batting - Pitching for Philadelphia (APP) Phillies : RHP Tony Botello
Pitching: RHP Jim Belan
Batting: SHB Matt Altieri 0-0: TRIPLE (Line Drive, 89XD, EV 114.4 MPH)
Batting: RHB Kurt Wagner 0-0: Foul Ball, location: 2F
0-1: Swinging Strike
0-2: Ball
1-2: Ball
2-2: Foul Ball, location: 2F
2-2: Foul Ball, location: 2F
2-2: Ball
3-2: Ground out 5-3 (Groundball, 5, EV 79.4 MPH)
Batting: LHB Tom Wleklinski 0-0: Ball
1-0: SINGLE (Groundball, 34D, EV 95.6 MPH)
Matt Altieri scores
Batting: RHB Nate Stephenson 0-0: Fielders Choice at 2nd, 6-4 (Groundball, 56, EV 102.5 MPH)
Batting: RHB Mario Navarro 0-0: Foul Ball, location: 2F
0-1: Foul Ball, location: 2F
0-2: Strikes out looking
Bottom of the 5th over - 1 run, 2 hits, 0 errors, 1 left on base; Philadelphia (APP) 0 - Miami (APP) 5
TOP OF THE 6TH
Philadelphia (APP) Phillies batting - Pitching for Miami (APP) Marlins : RHP Yoshiro Tagawa
Pitching: RHP Tim Mills
Batting: LHB Charlie Cook 0-0: SINGLE (Line Drive, 6M, EV 95.6 MPH)
Batting: LHB Joel Urquiza 0-0: Ball
1-0: Called Strike
1-1: Fielders Choice at 2nd, 6-4 (Groundball, 6, EV 103.1 MPH)
Batting: RHB John Gray 0-0: Ball
1-0: Ball
2-0: SINGLE (Groundball, 6MD, EV 106.3 MPH)
Joel Urquiza to second
Batting: RHB David Rivera 0-0: Ball
1-0: Ball
2-0: Ball
3-0: Base on Balls
Joel Urquiza to third
John Gray to second
Pitching: RHP Ju-ao Wa
Now at 1B: Kent Facchini
Batting: RHB Kiyoshi Okazaki 0-0: Called Strike
0-1: Swinging Strike
0-2: Ball
1-2: Fly out, F8 (Line Drive, 8LD, EV 91.9 MPH)
Runner from 3rd tags up, OUT at HOME! 8-2
Top of the 6th over - 0 runs, 2 hits, 0 errors, 2 left on base; Philadelphia (APP) 0 - Miami (APP) 5
BOTTOM OF THE 6TH
Miami (APP) Marlins batting - Pitching for Philadelphia (APP) Phillies : RHP Jim Belan
Batting: RHB Gene Bauer 0-0: Ball
1-0: Called Strike
1-1: Ball
2-1: Foul Ball, location: 2F
2-2: Strikes out looking
Batting: RHB Kent Facchini 0-0: Called Strike
0-1: Ball
1-1: Ball
2-1: Ball
3-1: Foul Ball, location: 2F
3-2: Fly out, F4 (Line Drive, 4, EV 67.5 MPH)
Batting: RHB Lu Tieh 0-0: Ground out 4-3 (Groundball, 4, EV 96.9 MPH)
Bottom of the 6th over - 0 runs, 0 hits, 0 errors, 0 left on base; Philadelphia (APP) 0 - Miami (APP) 5
TOP OF THE 7TH
Philadelphia (APP) Phillies batting - Pitching for Miami (APP) Marlins : RHP Ju-ao Wa
Batting: RHB Rafael Pena 0-0: Called Strike
0-1: Fly out, F8 (Flyball, 78M, EV 83.8 MPH)
Batting: RHB Jose Andrade 0-0: Called Strike
0-1: Swinging Strike
0-2: Strikes out swinging
Pinch Hitting: RHB Carlos Horn 0-0: Ball
1-0: Swinging Strike
1-1: Called Strike
1-2: Ball
2-2: Strikes out swinging
Top of the 7th over - 0 runs, 0 hits, 0 errors, 0 left on base; Philadelphia (APP) 0 - Miami (APP) 5
BOTTOM OF THE 7TH
Miami (APP) Marlins batting - Pitching for Philadelphia (APP) Phillies : RHP Jim Belan
Pitching: RHP Marcos Flores
Batting: RHB Ben Jezak 0-0: Foul Ball, location: 2F
0-1: Swinging Strike
0-2: Ball
1-2: Foul Ball, location: 2F
1-2: SINGLE (Groundball, 34D, EV 105.6 MPH)
Batting: SHB Matt Altieri 0-0: DOUBLE (Line Drive, 9LS, EV 106.9 MPH)
Ben Jezak to third
Batting: RHB Kurt Wagner 0-0: Ball
1-0: Ball
2-0: Ball
3-0: Called Strike
3-1: Fly out, F6 (Line Drive, 6, EV 68.8 MPH)
Batting: LHB Tom Wleklinski 0-0: Foul Ball, location: 2F
0-1: Ball
1-1: Ball
2-1: Foul Ball, location: 2F
2-2: Foul Ball, location: 2F
2-2: DOUBLE (Groundball, 3L, EV 104.4 MPH)
Ben Jezak scores
Matt Altieri scores
Batting: RHB Nate Stephenson 0-0: Called Strike
0-1: Ground out 5-3 (Groundball, 56S, EV 88.8 MPH)
Batting: SHB Ju-ao Wa 0-0: Called Strike
0-1: Swinging Strike
0-2: Foul Ball, location: 2F
0-2: Strikes out swinging
Bottom of the 7th over - 2 runs, 3 hits, 0 errors, 1 left on base; Philadelphia (APP) 0 - Miami (APP) 7
TOP OF THE 8TH
Philadelphia (APP) Phillies batting - Pitching for Miami (APP) Marlins : RHP Ju-ao Wa
Batting: RHB Harvey Harvey 0-0: Ball
1-0: Ground out 5-3 (Groundball, 56, EV 87.5 MPH)
Batting: LHB Charlie Cook 0-0: Foul Ball, location: 2F
0-1: Ball
1-1: Ball
2-1: Foul Ball, location: 2F
2-2: Foul Ball, location: 2F
2-2: SINGLE (Line Drive, 9S, EV 95.0 MPH)
Batting: LHB Joel Urquiza 0-0: Ball
1-0: Ball
2-0: Ball
3-0: Called Strike
3-1: Foul Ball, location: 2F
3-2: Base on Balls
Charlie Cook to second
Batting: RHB John Gray 0-0: Foul Ball, location: 2F
0-1: Ball
1-1: Ball
2-1: Foul Ball, location: 2F
2-2: Fly out, F5 (Popup, 5S, EV 66.3 MPH)
Batting: RHB David Rivera 0-0: Called Strike
0-1: Swinging Strike
0-2: Foul Ball, location: 2F
0-2: Foul Ball, location: 2F
0-2: Strikes out looking
Top of the 8th over - 0 runs, 1 hit, 0 errors, 2 left on base; Philadelphia (APP) 0 - Miami (APP) 7
BOTTOM OF THE 8TH
Miami (APP) Marlins batting - Pitching for Philadelphia (APP) Phillies : RHP Marcos Flores
Batting: RHB Gene Bauer 0-0: Ball
1-0: Ball
2-0: Called Strike
2-1: Ball
3-1: Reached on error, E6 (Groundball, 6, EV 109.4 MPH)
Batting: RHB Kent Facchini 0-0: Foul Ball, location: 2F
0-1: Ball
1-1: Ball
2-1: Ground out 6-3 (Groundball, 6, EV 105.0 MPH)
Pinch Hitting: RHB Randy Ringel 0-0: Ball
1-0: Ball
2-0: Called Strike
2-1: Ball
3-1: Foul Ball, location: 2F
3-2: Foul Ball, location: 2F
3-2: Base on Balls
Pitching: RHP Dave Galvez
Batting: RHB Ben Jezak 0-0: Ball
1-0: Ball
2-0: Ball
3-0: Called Strike
3-1: Called Strike
3-2: Foul Ball, location: 2F
3-2: Strikes out swinging
Batting: SHB Matt Altieri 0-0: Ball
1-0: Hit by Pitch
Gene Bauer to third
Randy Ringel to second
Batting: RHB Kurt Wagner 0-0: Foul Ball, location: 2F
0-1: Foul Ball, location: 2F
0-2: Ball
1-2: Ball
2-2: Foul Ball, location: 2F
2-2: Ball
3-2: Base on Balls
Gene Bauer scores
Randy Ringel to third
Matt Altieri to second
Batting: LHB Tom Wleklinski 0-0: Ball
1-0: Ground out 4-3 (Groundball, 4S, EV 73.8 MPH)
Bottom of the 8th over - 1 run, 0 hits, 1 error, 3 left on base; Philadelphia (APP) 0 - Miami (APP) 8
TOP OF THE 9TH
Philadelphia (APP) Phillies batting - Pitching for Miami (APP) Marlins : RHP Ju-ao Wa
Pitching: RHP Chia-kang Chuko
Now at 2B: Randy Ringel
Batting: RHB Kiyoshi Okazaki 0-0: Swinging Strike
0-1: Ball
1-1: Swinging Strike
1-2: Ball
2-2: Strikes out looking
Batting: RHB Rafael Pena 0-0: Ball
1-0: Called Strike
1-1: Foul Ball, location: 2F
1-2: Ball
2-2: DOUBLE (Line Drive, 7LM, EV 104.4 MPH)
Batting: RHB Jose Andrade 0-0: Ground out 6-3 (Groundball, 6, EV 89.4 MPH)
Pinch Hitting: LHB Otte van Haarlem 0-0: Called Strike
0-1: Ball
1-1: Called Strike
1-2: Foul Ball, location: 2F
1-2: Strikes out swinging
Top of the 9th over - 0 runs, 1 hit, 0 errors, 1 left on base; Philadelphia (APP) 0 - Miami (APP) 8
Tuesday, September 13th , 2022 - OOTP Baseball 23.7 Build 88